 Dungeon Crawl Stone Soup version 0.28-a0-1518-gbe868bca14 (webtiles) character file.

Game seed: 13209234942041101724

232 comborobin the Sneak (level 5, 0/45 HPs)
             Began as a Draconian Brigand on Jan 17, 2022.
             Slain by a river rat (2 damage)
             ... in a sewer.
             The game lasted 00:04:12 (3039 turns).

comborobin the Sneak (Draconian Brigand)            Turns: 3039, Time: 00:04:13

Health: 0/45       AC:  9    Str: 13    XL:     5   Next: 73%
Magic:  5/5        EV: 12    Int: 13    God:
Gold:   1164       SH:  0    Dex: 13    Spells: 4/4 levels left

rFire   . . .      SeeInvis .   a - +2 dagger (freeze)
rCold   . . .      Faith    .   (no shield)
rNeg    . . .      Spirit   .   (armour unavailable)
rPois   .          Reflect  .   (helmet restricted)
rElec   .          Harm     .   b - +2 cloak
rCorr   .          Rampage  .   (no gloves)
Will    .....                   i - +0 pair of boots
Stlth   +++.......              (no amulet)
HPRegen 0.15/turn               (no ring)
MPRegen 0.09/turn               (no ring)

@: no status effects
A: AC +5, unfitting armour, cold-blooded
a: no special abilities


You were in a sewer.
You visited 1 branch of the dungeon, and saw 3 of its levels.
You also visited: Sewer.

You collected 1164 gold pieces.

Inventory:

Hand Weapons
 a - a +2 dagger of freezing (weapon)
Missiles
 c - 13 poisoned darts
 d - a curare-tipped dart
 e - 3 silver javelins (quivered)
Armour
 b - a +2 cloak (worn)
 i - a +0 pair of boots (worn)
Magical Staves
 m - a staff of death
Scrolls
 j - a scroll of identify


   Skills:
 - Level 3.2 Fighting
 - Level 4.0 Short Blades
 - Level 2.5 Throwing
 - Level 1.9 Dodging
 - Level 4.1 Stealth
 + Level 1.3 Unarmed Combat


You had 4 spell levels left.
You didn't know any spells.
Your spell library was empty.

Dungeon Overview and Level Annotations

Branches:
Dungeon (3/15)              Sewer (1/1)

Altars:


Innate Abilities, Weirdness & Mutations

Your plain brown scales are hard. (AC +5)
You cannot fit into any form of body armour.
You are cold-blooded and may be slowed by cold attacks.


Message History

Okay, then.
Throw: 5 javelins (silver)
Press: ? - help, Shift-Dir - straight line, f - rat
Aim: a rat (59% to hit)
You throw a silver javelin.
The silver javelin barely misses the rat.
The silver javelin pierces through the rat!
You kill the rat!
The silver javelin pierces through the adder.
The adder is moderately wounded.
The silver javelin barely misses the river rat.
The rat twitches its whiskers.
The rat bites you but does no damage. The rat barely misses you.
Unknown command.
Unknown command.
Throw: 4 javelins (silver)
Press: ? - help, Shift-Dir - straight line, f/p - rat
Aim: a rat (59% to hit)
You throw a silver javelin.
The silver javelin closely misses the rat.
The silver javelin pierces through the adder but does no damage.
The adder is moderately wounded.
The silver javelin pierces through the river rat but does no damage.
The river rat is lightly wounded.
The rat barely misses you. The rat bites you.
* * * LOW HITPOINT WARNING * * *
The rat barely misses you. The rat completely misses you.
Unknown command.
Unknown command.
Unknown command.
Unknown command.
The adder bites you but does no damage. The adder bites you.
* * * LOW HITPOINT WARNING * * *
The rat completely misses you. The adder misses you. The rat barely misses you.
You see here a curare-tipped dart.
d - a curare-tipped dart The adder closely misses you.
The river rat bites you.
You die...

##################
###..≈≈≈≈≈≈≈≈≈≈≈≈≈≈≈
##...≈≈≈≈≈≈≈≈≈≈≈≈≈≈≈≈
##....≈≈≈≈≈≈≈≈≈≈≈≈≈≈≈≈
#...Sr≈≈≈≈≈≈#≈≈≈≈≈≈≈≈≈
#...r@.≈≈≈≈#≈≈≈†≈≈≈≈≈≈
#..rr(#≈≈≈≈≈≈≈†.≈≈≈≈≈≈
#....#################
##.†.## #...## #....+
#....# ##.(.# #..r.


You could see an adder, a river rat and 3 rats.

Vanquished Creatures
  Jessica (D:3)
  7 gnolls (D:2)
  3 river rats (Sewer)
  3 adders
  3 worms
  2 dart slugs
  An endoplasm (D:2)
  7 giant cockroaches
  6 goblins
  3 hobgoblins
  6 jackals (D:2)
  5 quokkas (D:3)
  5 ball pythons
  6 bats
  2 frilled lizards (D:3)
  2 kobolds (D:2)
  20 rats
82 creatures vanquished.

Notes
Turn   | Place    | Note
-------+----------+-------------------------------------------
     0 | D:1      | comborobin the Draconian Brigand began the quest for the
                  | Orb.
     0 | D:1      | Reached XP level 1. HP: 17/17 MP: 1/1
   120 | D:1      | Reached skill level 1 in Dodging
   260 | D:1      | Reached XP level 2. HP: 25/25 MP: 2/2
   789 | D:2      | Reached XP level 3. HP: 28/30 MP: 3/3
   988 | D:2      | Reached XP level 4. HP: 33/37 MP: 4/4
  2131 | D:3      | Reached XP level 5. HP: 40/45 MP: 5/5
  2206 | D:3      | Noticed Jessica
  2212 | D:3      | Killed Jessica
  2226 | D:3      | Found a glowing drain.
  2349 | D:3      | Identified a scroll of acquirement
  2349 | D:3      | Acquired 1034 gold pieces
  2462 | Sewer    | Entered a sewer
  3012 | Sewer    | Reached skill level 1 in Unarmed Combat
  3025 | Sewer    | HP: 2/45 [rat (2)]
  3034 | Sewer    | HP: 2/45 [rat (1)]
  3039 | Sewer    | Slain by a river rat

Illustrated notes

Levels and vault maps discovered:
D:1:      lightli_arrival_lavapool, layout_loops_corners, serial_glass,
          glass_columns_a, glass_columns_a, minmay_strange_pillars,
          minmay_strange_pillars, due_unseen_surprise, item_on_display_a,
          minivault_26
D:2:      layout_basic, uniq_natasha
D:3:      layout_rooms, portal_sewer_entry_f, uniq_jessica, uniq_terence
Sewer:    sewer_minmay_w

Skill      XL: |  1  2  3  4  5 |
---------------+----------------+-----
Dodging        | 1 |  1.9
Throwing       | 2 |  2.5
Stealth        | 4 |  4.1
Fighting       | 3 |  3.2
Short Blades   | 3 4 |  4.0
Unarmed Combat | 1 |  1.3

Action                   |  1- 3 |  4- 6 || total
-------------------------+-------+-------++-------
Melee: Dagger            |    39 |   210 ||   249
       Tailslap          |     1 |    20 ||    21
       Punch             |       |     2 ||     2
       Unarmed           |       |     7 ||     7
Throw: Dart              |     5 |    11 ||    16
       Javelin           |     4 |     5 ||     9
  Use: Scroll            |       |     8 ||     8
       Potion            |       |     3 ||     3
 Stab: Sleeping          |     6 |     6 ||    12
Armor: Skin              |    22 |   110 ||   132
Dodge: Dodged            |    32 |   200 ||   232

Table legend: (Time is in decaauts)
 A = Elapsed time spent in this place.
 B = Non-inter-level travel time spent in this place.
 C = Inter-level travel time spent in this place.
 D = Time resting spent in this place.
 E = Time spent auto-exploring this place.
 F = Levels seen in this place.
 G = Mean time per level.
                   A        B        C        D        E       F      G
               +--------+--------+--------+--------+--------+-----+--------+
         Total |   3038 |   2961 |     77 |    510 |   1776 |   4 |  759.5 |
       Dungeon |   2442 |   2365 |     77 |    165 |   1695 |   3 |  814.0 |
         Sewer |    596 |    596 |      0 |    345 |     81 |   1 |  596.0 |
               +--------+--------+--------+--------+--------+-----+--------+

Top non-repeatable levels by time:
     D:2: 1199 daAuts
     D:1: 743 daAuts
   Sewer: 596 daAuts
     D:3: 499 daAuts
